 Dungeon Crawl Stone Soup version 0.20-a0-689-g860b9ab (webtiles) character file.

3124 useraccount the Eye of the Storm (level 10, -3/61 HPs)
             Began as a Formicid Fighter on Feb 19, 2017.
             Was a Priest of Qazlal.
             Slain by a gnoll
             ... wielding a +0 halberd
              (10 damage)
             ... in a bailey on Feb 20, 2017.
             The game lasted 00:09:51 (6623 turns).

useraccount the Eye of the Storm (Formicid Fighter) Turns: 6623, Time: 00:09:52

Health: -3/61      AC: 14    Str: 29 (30) XL:     10   Next: 14%
Magic:  15/15      EV:  8    Int:  7      God:    Qazlal [***...]
Gold:   317        SH:  0    Dex:  9 (10) Spells: 9/9 levels left

rFire    + . .     SeeInvis +   a - +0 war axe
rCold    . . .     Gourm    .   A - +0 plate armour
rNeg     . . .     Faith    .   c - +0 shield
rPois    +         Spirit   .   (helmet unavailable)
rElec    +         Reflect  +   n - +1 cloak
rCorr    .         Harm     .   (no gloves)
MR       +....                  (no boots)
Stlth    ..........             x - +3 amulet of reflection
Regen    0.2/turn               B - ring of protection from fire
MPRegen  0.2/turn               s - ring of poison resistance

@: confused, mighty
A: permanent stasis, dig shafts and tunnels, four strong arms, antennae 3, claws
1, talons 1, deterioration 1, frail 2, electricity resistance
a: Dig, Shaft Self, Upheaval, Elemental Force, Renounce Religion


You were in a bailey.
You worshipped Qazlal.
Qazlal was most pleased with you.
You were not hungry.

You visited 1 branch of the dungeon, and saw 7 of its levels.
You also visited: Bailey.

You collected 317 gold pieces.

Inventory:

Hand Weapons
 a - a +0 war axe (weapon)
 b - a +4 flail
 z - a +2 hand axe of distortion
Armour
 c - a +0 shield (worn)
 n - a +1 cloak (worn)
 A - a +0 plate armour (worn)
 E - a +0 pair of boots
Jewellery
 s - a ring of poison resistance (left claw)
 x - a +3 amulet of reflection (around neck)
 B - a ring of protection from fire (right claw)
Wands
 i - a wand of flame (28/48)
Scrolls
 g - 2 scrolls of amnesia {unknown}
 j - 5 scrolls of enchant weapon {unknown}
 k - a scroll of fog {unknown}
 l - a scroll of random uselessness {unknown}
 m - 2 scrolls of teleportation {unknown}
 p - 3 scrolls of magic mapping {unknown}
 q - a scroll of remove curse {unknown}
 u - a scroll of identify
 w - 2 scrolls of enchant armour {unknown}
 y - a scroll of recharging {unknown}
 C - a scroll of blinking {unknown}
 D - a scroll of vulnerability {unknown}
Potions
 d - a potion of might
 e - 2 potions of lignification
 o - 4 potions of heal wounds {unknown}
 r - a potion of ambrosia
 t - 4 potions of brilliance {unknown}
 v - a potion of flight {unknown}
 F - a potion of curing {unknown}
Comestibles
 f - 4 bread rations
 h - 3 meat rations
 G - 5 chunks of flesh


   Skills:
 + Level 6.3 Fighting
 * Level 7.4 Axes
 + Level 5.9 Armour
 + Level 4.2 Dodging
 + Level 6.5 Shields
 * Level 7.6 Invocations


You had 9 spell levels left.
You didn't know any spells.

Dungeon Overview and Level Annotations

Branches:
Dungeon (7/15)             Temple (0/1) D:4

Altars:
Ashenzari
Dithmenos
Elyvilon
Gozag
Hepliaklqana
Nemelex Xobeh
Okawaru
Qazlal
Uskayaw
Xom

Shops:
D:5 =   D:7 %


Innate Abilities, Weirdness & Mutations

You cannot be hasted, slowed, berserked, paralysed or teleported.
You can dig through walls and to a lower floor.
Your four strong arms can wield two-handed weapons with a shield.
You have a pair of large antennae on your head. (SInv)
You have sharp fingernails.
You have sharp toenails.
Your body sometimes deteriorates upon taking damage.
You are very frail. (-20% HP)
You are resistant to electric shocks. (rElec)


Message History

You block the gnoll's attack.
The orc knight hits you with a long sword of holy wrath.
* * * LOW HITPOINT WARNING * * *
You barely miss the orc knight.
You claw the orc knight, but do no damage.
The orc knight is lightly wounded.
You block the orc knight's attack. You block the gnoll's attack.
You barely miss the orc knight. Your kick misses the orc knight.
The orc knight is lightly wounded.
You block the gnoll's attack.
The orc knight hits you but does no damage.
You hit the orc knight but do no damage.
The orc knight is lightly wounded.
You block the gnoll's attack.
The orc knight hits you with a long sword of holy wrath!
* * * LOW HITPOINT WARNING * * *
You are confused.
You feel invigorated.
The gnoll hits you from afar with a halberd!
You die...

#(##'##+#
#'##'##'## #.#
#(###)#.#
#.###(# ## ###
#### ### #'#
#g#.###.###(#
#'###'##'##)##
. .# ##...((##
.. ###...)(###
..⌠{
{#.'.§⌠..'.#
.{K{
###@....###


{K{ ##o....# #{###g##'##'# #{{g###.# #.# ##### ### ## You could see an orc
knight and 2 gnolls.

Vanquished Creatures
  Sigmund (D:3)
  The ghost of raganim86 the Cudgeler, an amateur MiMo (D:3)
  A water moccasin (D:7)
  4 ice beasts
  An orc warrior (D:6)
  A sky beast (D:6)
  2 phantoms
  6 ogres
  A centaur (D:6)
  Blork the orc (D:5)
  3 bullfrogs
  A scorpion (D:7)
  4 wights
  A bullfrog zombie (D:7)
  A jelly (D:5)
  7 orc wizards
  3 orc priests
  A hound (D:4)
  Jessica (D:2)
  An iguana (D:4)
  5 worker ants
  A hound skeleton (D:6)
  A hound zombie (D:5)
  Robin (D:2)
  13 gnolls
  7 adders
  2 shadow imps
  2 oozes
  An adder zombie (D:7)
  3 worms
  2 dart slugs (D:1)
  3 leopard geckos
  17 orcs
  A ball python (D:3)
  3 giant cockroaches
  18 goblins
  15 hobgoblins
  6 jackals
  2 quokkas
  8 bats
  8 frilled lizards
  17 kobolds
  A leopard gecko skeleton (D:4)
  A quokka zombie (D:5)
  9 rats
189 creatures vanquished.

Vanquished Creatures (others)
  A frilled lizard (D:2)
  2 kobolds (Bailey)
3 creatures vanquished.

Grand Total: 192 creatures vanquished

Notes
Turn   | Place    | Note
-------+----------+-------------------------------------------
     0 | D:1      | useraccount the Formicid Fighter began the quest for the Orb.
     0 | D:1      | Reached XP level 1. HP: 18/18 MP: 1/1
    87 | D:1      | Reached XP level 2. HP: 23/24 MP: 2/2
   239 | D:1      | Reached XP level 3. HP: 23/29 MP: 3/3
   294 | D:1      | Reached skill level 1 in Dodging
   568 | D:1      | Reached XP level 4. HP: 34/37 MP: 4/4
   749 | D:2      | Found a shimmering altar of Xom.
   807 | D:2      | Noticed Robin
   824 | D:2      | Killed Robin
   964 | D:2      | Noticed Jessica
   967 | D:2      | Killed Jessica
   967 | D:2      | Reached XP level 5. HP: 42/42 MP: 5/5
  1026 | D:2      | Found a stormy altar of Qazlal.
  1053 | D:2      | Became a worshipper of Qazlal Stormbringer
  1119 | D:2      | Found an opulent altar of Gozag.
  1146 | D:2      | Found a white marble altar of Elyvilon.
  1534 | D:3      | Noticed Sigmund
  1593 | D:4      | HP: 2/42 [poisoned by an adder]
  1892 | D:4      | Reached skill level 1 in Invocations
  1940 | D:3      | Killed Sigmund
  1940 | D:3      | Reached XP level 6. HP: 30/49 MP: 5/7
  2174 | D:3      | Noticed raganim86's ghost (amateur MiMo)
  2194 | D:3      | Killed raganim86's ghost
  2194 | D:3      | Reached XP level 7. HP: 28/55 MP: 7/9
  2721 | D:3      | Reached * piety under Qazlal
  3129 | D:4      | Reached skill level 5 in Shields
  3410 | D:4      | Reached XP level 8. HP: 61/61 MP: 10/10
  3448 | D:4      | Found a staircase to the Ecumenical Temple.
  3586 | D:4      | Reached skill level 5 in Fighting
  3705 | D:5      | Entered Level 5 of the Dungeon
  3757 | D:5      | Found Veusew's Jewellery Boutique.
  3818 | D:5      | Reached skill level 5 in Axes
  3956 | D:5      | Found a white marble altar of Elyvilon.
  4344 | D:5      | Noticed Blork the orc
  4351 | D:5      | Killed Blork the orc
  4468 | D:6      | Reached skill level 5 in Invocations
  4671 | D:6      | Reached skill level 5 in Armour
  4671 | D:6      | Reached XP level 9. HP: 21/68 MP: 11/13
  4672 | D:6      | Reached ** piety under Qazlal
  5027 | D:6      | Found an iron altar of Okawaru.
  5030 | D:6      | Found a shattered altar of Ashenzari.
  5030 | D:6      | Found a hazy altar of Hepliaklqana.
  5036 | D:6      | Found a hide-covered altar of Uskayaw.
  5178 | D:6      | Found a shadowy altar of Dithmenos.
  5318 | D:6      | Gained mutation: You are frail. (-10% HP) [potion of mutation]
  5318 | D:6      | Gained mutation: Your body sometimes deteriorates upon taking damage. [potion of mutation]
  5318 | D:6      | Gained mutation: You are resistant to electric shocks. (rElec) [potion of mutation]
  5638 | D:5      | Gained mutation: You are very frail. (-20% HP) [mutagenic meat]
  5639 | D:5      | Gained mutation: You have sharp toenails. [mutagenic meat]
  5640 | D:5      | Gained mutation: You have sharp fingernails. [mutagenic meat]
  6209 | D:7      | Reached XP level 10. HP: 56/60 MP: 15/15
  6216 | D:7      | Reached *** piety under Qazlal
  6221 | D:7      | Found a sparkling altar of Nemelex Xobeh.
  6222 | D:7      | Found Coucval's Food Emporium.
  6443 | D:7      | Found a flagged portal.
  6455 | Bailey   | Entered a bailey
  6603 | Bailey   | Noticed an orc knight
  6622 | Bailey   | HP: 1/61 [orc knight/long sword of holy wrath (14)]
  6623 | Bailey   | Slain by a gnoll

Vault maps used:
D:1:      sevenhm_arrival_forest_fort_large_2, st_stairs_6, minmay_pentomino_t2
D:2:      grunt_gozag_statues, elyvilon_altar_4, old_standard_altar,
          grunt_qazlal_clouds, uniq_robin, uniq_jessica
D:3:      uniq_sigmund
D:4:      minmay_temple_entry_enclosed_plants
D:5:      basic_altar, serial_shops, shop, first_bread, uniq_blork_the_orc
D:6:      lemuel_doored_altar, grunt_temple_overflow_open
D:7:      makhleb_grotto_becter, nemelex_xobeh_ov_fountains_minmay,
          serial_shops, shop, enter_bailey_2
Bailey:   bailey_axe_2, bailey

Skill      XL: |  1  2  3  4  5  6  7  8  9 10 |
---------------+-------------------------------+-----
Dodging        | 1 2 3 4 |  4.2
Fighting       | 4 5 6 |  6.3
Axes           | 3 4 6 7 |  7.4
Shields        | 4 5 6 |  6.5
Invocations    | 2 3 5 7 |  7.6
Armour         | 4 5 |  5.9

Action                   |  1- 3 |  4- 6 |  7- 9 | 10-12 || total
-------------------------+-------+-------+-------+-------++-------
Melee: War axe           |    97 |   138 |   417 |    85 ||   737
       Kick              |       |       |    28 |    27 ||    55
  Use: Scroll            |       |       |     5 |       ||     5
       Potion            |       |       |     1 |     2 ||     3
  Eat: Chunk             |       |     5 |    15 |     3 ||    23
Armor: Scale mail        |    45 |    39 |    17 |       ||   101
       Chain mail        |       |       |    77 |       ||    77
       Plate armour      |       |       |    38 |    25 ||    63
Dodge: Dodged            |    44 |    55 |    93 |    19 ||   211
Block: Shield            |    70 |    64 |   311 |   108 ||   553
       Reflection        |       |       |     4 |    16 ||    20
